 Dungeon Crawl Stone Soup version 0.30-a0-385-gfebfb9b408 (webtiles) character file.

Game seed: 14378877659802436101

79 retardedninja the Trooper (level 4, -26/41 HPs)
             Began as a Hill Orc Fighter on Dec 2, 2022.
             Killed by an exploding gnoll (46 damage)
             ... ignited by their inner flame
             ... on level 3 of the Dungeon.
             The game lasted 00:02:51 (1694 turns).

retardedninja the Trooper (Hill Orc Fighter)        Turns: 1694, Time: 00:02:54

Health: -26/41     AC:  9    Str: 20    XL:     4   Next: 38%
Magic:  4/4        EV:  9    Int:  8    God:
Gold:   82         SH:  4    Dex: 10    Spells: 3/3 levels left

rFire   . . .      SeeInvis .    a - +0 war axe
rCold   . . .      Faith    .    c - +0 buckler
rNeg    . . .      Spirit   .    b - +0 scale mail
rPois   .          Reflect  .    s - +1 hat
rElec   .          Harm     .    (no cloak)
rCorr   .          Rampage  .    (no gloves)
Will    .....                    h - +0 pair of boots
Stlth   ..........               (no amulet)
HPRegen 0.26/turn                (no ring)
MPRegen 0.09/turn                (no ring)

@: mighty
A: no striking features
a: no special abilities


You were on level 3 of the Dungeon.
You visited 1 branch of the dungeon, and saw 3 of its levels.

You collected 82 gold pieces.

Inventory:

Hand Weapons
 a - a +0 war axe (weapon)
Missiles
 n - 2 throwing nets (quivered)
Armour
 b - a +0 scale mail (worn)
 c - a +0 buckler (worn)
 h - a +0 pair of boots (worn)
 s - a +1 hat (worn)
Jewellery
 p - a ring of see invisible
Scrolls
 e - 2 scrolls of immolation
 f - 5 scrolls of identify {unknown}
 l - 2 scrolls of enchant weapon {unknown}
 r - a scroll of poison {unknown}
Potions
 d - a potion of might
 g - 2 potions of curing {unknown}
 i - a potion of brilliance {unknown}
 j - 2 potions of magic {unknown}
 m - a potion of berserk rage {unknown}
 o - 2 potions of haste {unknown}
 q - a potion of mutation {unknown}


   Skills:
 + Level 4.3 Fighting
 + Level 3.9 Axes
 + Level 4.0 Armour
 + Level 3.9 Shields


You had 3 spell levels left.
You didn't know any spells.
Your spell library contained the following spells:

 Spells                   Type           Power      Damage    Failure   Level
 Gell's Gravitas          Tloc           0%         N/A       99%         3
 Lesser Beckoning         Tloc           0%         N/A       99%         3
 Teleport Other           Tloc           0%         N/A       99%         3


Dungeon Overview and Level Annotations

Branches:
Dungeon (3/15)

Altars:
Xom

Shops:
D:1 ((*:*   D:3 =

Annotations:
D:3 Grinder


Message History

You kill the ball python!
A gnoll comes into view. It is wielding a +0 spear.
You feel very mighty all of a sudden. The gnoll barely misses you.
A gnoll comes into view. It is wielding a +0 whip.
Found a fizzy orange potion.
The gnoll barely misses you.
The gnoll moves out of view.
You block the gnoll's attack.
Grinder comes into view.
The gnoll hits you with a +0 spear.
You barely miss the gnoll.
Grinder shouts!
You slash the gnoll! The gnoll barely misses you.
As you read the scroll labelled YSOS ZUVOUTEQ, it crumbles to dust.
The creatures around you are filled with an inner flame!
It was a scroll of immolation.
The gnoll hits you with a +1 halberd of flaming.
The gnoll burns you.
Grinder blinks!
The gnoll hits you from afar with a +0 spear.
As you read the scroll labelled AMEN DI URUYDA, it crumbles to dust.
It is a scroll of enchant armour.
Really abort (and waste the scroll)? [Y]es or [N]o only, please.
Really abort (and waste the scroll)?
Your +0 hat glows green for a moment.
The gnoll hits you with a +0 whip.
The gnoll hits you from afar with a +0 spear.
The gnoll barely misses you. The gnoll barely misses you.
The gnoll attacks as you move away! The gnoll hits you but does no damage.
The gnoll closely misses you. The gnoll barely misses you.
Grinder blinks!
The gnoll attacks as you move away! The gnoll hits you with a +0 whip.
You slash the gnoll!
Flame seeps out of the gnoll.
The gnoll is heavily wounded.
The gnoll is engulfed in blazing flames.
The gnoll explodes!
The fiery explosion engulfs you!!!
Ouch! That really hurt!
You die...

#..# # #..#.## ### # ..... ..#
##.#.## #.# ......# #.# ###
#.###.# #.# 5.!# ..# #.##
######.# ....# ###
#..####.....§########...... #
#.......#...@○g..5........#
#####..####.....§§g...†........
.......# #.#.#####.#########.#
######.# #.#.# #.# #.####.#.#
#!# ######......... ..#
......#####.### ### #####.# #.#
#.#


You could see Grinder (inner flame) and 2 gnolls.

Vanquished Creatures
  A gnoll (D:3)
  An adder (D:3)
  A worm (D:3)
  3 dart slugs
  4 bats
  2 endoplasms
  3 giant cockroaches
  7 goblins
  9 hobgoblins
  6 jackals
  2 quokkas
  7 ball pythons
  2 frilled lizards
  4 kobolds
  5 rats
57 creatures vanquished.

Notes
Turn   | Place    | Note
-------+----------+-------------------------------------------
     0 | D:1      | retardedninja the Hill Orc Fighter began the quest for the
                  | Orb.
     0 | D:1      | Reached XP level 1. HP: 19/19 MP: 1/1
    47 | D:1      | Found Soomiamo's Assorted Antiques.
    51 | D:1      | Reached XP level 2. HP: 23/27 MP: 2/2
   125 | D:1      | Found Nukliosa's Book Emporium.
   222 | D:1      | Found Ykius's Weapon Boutique.
   328 | D:1      | Reached XP level 3. HP: 33/33 MP: 3/3
   379 | D:1      | Found Xalysh's Weapon Shop.
   586 | D:1      | Found Xutivoz's General Store.
   963 | D:2      | Found a shimmering altar of Xom.
  1232 | D:2      | Reached XP level 4. HP: 38/40 MP: 4/4
  1607 | D:3      | Found Cuexuxzu's Jewellery Emporium.
  1683 | D:3      | Noticed Grinder
  1694 | D:3      | Killed by an exploding gnoll... ignited by their inner
                  | flame

Illustrated notes

Levels and vault maps discovered:
D:1:      minmay_arrival_jagged, layout_loops_ring, serial_shops, shop,
          nicolae_shop_crystal, shop_statue, nicolae_shop_stone,
          nicolae_shop_advertising_works [nicolae_subvault_shop_adworks],
          dk_noncrumbling_2
D:2:      layout_loops_ring, basic_altar
D:3:      layout_loops_ring, general_overflow_altar, ebering_ghost_sewer_d,
          serial_shops, shop, nicolae_shop_crystal, uniq_grinder

Skill      XL: |  1  2  3  4 |
---------------+-------------+-----
Axes           | 3 |  3.9
Fighting       | 4 |  4.3
Armour         | 4 |  4.0
Shields        | |  3.9

Action                   |  1- 3 |  4- 6 || total
-------------------------+-------+-------++-------
Melee: War axe           |    93 |    26 ||   119
  Use: Scroll            |       |     2 ||     2
       Potion            |       |     1 ||     1
Armor: Scale mail        |    44 |    12 ||    56
Dodge: Dodged            |    46 |    17 ||    63
Block: Buckler           |    17 |     5 ||    22

Table legend: (Time is in decaauts)
 A = Elapsed time spent in this place.
 B = Non-inter-level travel time spent in this place.
 C = Inter-level travel time spent in this place.
 D = Time resting spent in this place.
 E = Time spent auto-exploring this place.
 F = Levels seen in this place.
 G = Mean time per level.
                   A        B        C        D        E       F      G
               +--------+--------+--------+--------+--------+-----+--------+
         Total |   1737 |   1696 |     41 |      0 |   1351 |   3 |  579.0 |
       Dungeon |   1737 |   1696 |     41 |      0 |   1351 |   3 |  579.0 |
               +--------+--------+--------+--------+--------+-----+--------+

Top non-repeatable levels by time:
     D:1: 977 daAuts
     D:2: 620 daAuts
     D:3: 139 daAuts
